[Event "4NCL 2021-22"]
[Site "England"]
[Date "2022.02.12"]
[Round "3.15"]
[White "Kolbus, Dietmar"]
[Black "Boswell, Jacob Connor"]
[Result "1-0"]
[ECO "A28"]
[WhiteElo "2305"]
[BlackElo "2053"]
[Annotator "ChessBase"]
[PlyCount "61"]
[EventDate "2021.11.27"]
[EventType "team-tourn"]
[EventCountry "ENG"]
[SourceTitle "playchess.com"]
[Source "ChessBase"]
[SourceQuality "1"]
[TimeControl "40/6000+30:3000+30"]

1. c4 e5 2. Nc3 Nf6 3. Nf3 Nc6 4. e3 d5 5. cxd5 Nxd5 6. Bb5 Nxc3 7. bxc3 Bd6 8. d4 Bd7 9. e4 O-O 10. Bxc6 Bxc6 11. dxe5 Be7 12. Qe2 f5 13. exf5 Qd5 14. Nd4 Qxg2 15. Rf1 Qh3 16. Qc4+ Kh8 17. Nxc6 bxc6 18. f6 gxf6 19. exf6 Bxf6 20. Be3 Rad8 21. Rg1 Qxh2 22. Ke2 Qh5+ 23. Rg4 Rd4 24. Qxd4 h6 25. Qc4 Qf5 26. Rh1 Qc2+ 27. Kf1 Bg5 28. Qd4+ Kg8 29. Rxg5+ hxg5 30. Rh8+ Kf7 31. Qd7+ 1-0

[Event "4NCL 2021-22"]
[Site "England"]
[Date "2022.02.12"]
[Round "3.23"]
[White "Hobson, Kenneth"]
[Black "Povah, Nigel E"]
[Result "0-1"]
[ECO "B21"]
[WhiteElo "2090"]
[BlackElo "2245"]
[Annotator "ChessBase"]
[PlyCount "66"]
[EventDate "2021.11.27"]
[EventType "team-tourn"]
[EventCountry "ENG"]
[SourceTitle "playchess.com"]
[Source "ChessBase"]
[SourceQuality "1"]
[TimeControl "40/6000+30:3000+30"]

1. e4 c5 2. d4 cxd4 3. c3 dxc3 4. Nxc3 Nc6 5. Nf3 e6 6. Bc4 a6 7. O-O Nge7 8. Bg5 h6 9. Bh4 g5 10. Bg3 Ng6 11. Re1 d6 12. e5 g4 13. exd6 gxf3 14. Qd3 Bg7 15. Rad1 Nge5 16. Bxe5 Nxe5 17. Qd4 Qg5 18. g3 Bd7 19. h4 Qf5 20. Bd3 Nxd3 21. Qxg7 O-O-O 22. Re3 Rhg8 23. Qd4 Nf4 24. Qa7 Bc6 25. Ne4 Bxe4 26. d7+ Kc7 27. Rc3+ Bc6 28. Rc5 Rxg3+ 29. fxg3 f2+ 30. Kf1 Qh3+ 31. Kxf2 Qg2+ 32. Ke3 Qf3+ 33. Kd2 Rxd7+ 0-1

[Event "4NCL 2021-22"]
[Site "England"]
[Date "2022.02.12"]
[Round "3.24"]
[White "Kalaiyalahan, Akshaya"]
[Black "Zakarian, Dimitrios Levon"]
[Result "1-0"]
[ECO "E01"]
[WhiteElo "2208"]
[BlackElo "1962"]
[Annotator "ChessBase"]
[PlyCount "89"]
[EventDate "2021.11.27"]
[EventType "team-tourn"]
[EventCountry "ENG"]
[SourceTitle "playchess.com"]
[Source "ChessBase"]
[SourceQuality "1"]
[TimeControl "40/6000+30:3000+30"]

1. Nf3 Nf6 2. g3 d5 3. Bg2 c6 4. O-O e6 5. d4 Nbd7 6. Nbd2 Bd6 7. c4 O-O 8. Qc2 Qe7 9. b3 b6 10. Bb2 Bb7 11. e4 dxe4 12. Nxe4 Nxe4 13. Qxe4 Nf6 14. Qc2 Ba3 15. Rfe1 Bxb2 16. Qxb2 Rfd8 17. Rad1 Rac8 18. Rc1 Qc7 19. c5 Nd5 20. Bf1 b5 21. a3 a5 22. Nd2 Nf6 23. Ne4 Nxe4 24. Rxe4 Qe7 25. Rce1 Rd7 26. Qc3 Rcd8 27. h4 Rd5 28. Bh3 Qc7 29. Rf4 Re8 30. Bg2 Rdd8 31. Rg4 Qc8 32. Bh3 Rd5 33. Qxa5 Red8 34. Qc3 Qd7 35. Rd1 Qe7 36. Bg2 Rxc5 37. Rxg7+ Kxg7 38. dxc5+ Kg8 39. Re1 Ra8 40. b4 f5 41. Qb3 Re8 42. Rd1 Kf7 43. Rd6 Rd8 44. Bxc6 Bxc6 45. Rxc6 1-0

[Event "4NCL 2021-22"]
[Site "England"]
[Date "2022.02.12"]
[Round "3.26"]
[White "Franklin, Samuel G A"]
[Black "Willow, Jonah B"]
[Result "1/2-1/2"]
[ECO "A18"]
[WhiteElo "2335"]
[BlackElo "2365"]
[Annotator "ChessBase"]
[PlyCount "78"]
[EventDate "2021.11.27"]
[EventType "team-tourn"]
[EventCountry "ENG"]
[SourceTitle "playchess.com"]
[Source "ChessBase"]
[SourceQuality "1"]
[TimeControl "40/6000+30:3000+30"]

1. c4 Nf6 2. Nc3 e6 3. e4 d5 4. e5 d4 5. exf6 dxc3 6. bxc3 Qxf6 7. d4 b6 8. Be2 Bb7 9. Bf3 Bxf3 10. Nxf3 Bd6 11. Qa4+ c6 12. O-O O-O 13. Rb1 Bc7 14. Re1 Rc8 15. Qc2 Nd7 16. a4 Bd6 17. Bg5 Qg6 18. Qxg6 hxg6 19. g3 Rab8 20. Kg2 Re8 21. h4 f6 22. Be3 Kf7 23. Nd2 Bc7 24. Nb3 Rh8 25. f3 Rh5 26. Bf2 g5 27. g4 Rhh8 28. Rh1 gxh4 29. Rxh4 g5 30. Rhh1 Rbg8 31. Rbd1 Nf8 32. Nc1 Ng6 33. Nd3 Rd8 34. Rxh8 Rxh8 35. Bg3 Bxg3 36. Kxg3 Rd8 37. f4 gxf4+ 38. Nxf4 Nxf4 39. Kxf4 Rh8 1/2-1/2

[Event "4NCL 2021-22"]
[Site "England"]
[Date "2022.02.12"]
[Round "3.29"]
[White "Fitzsimons, David"]
[Black "Cox, John J"]
[Result "0-1"]
[ECO "C54"]
[WhiteElo "2369"]
[BlackElo "2319"]
[Annotator "ChessBase"]
[PlyCount "67"]
[EventDate "2021.11.27"]
[EventType "team-tourn"]
[EventCountry "ENG"]
[SourceTitle "playchess.com"]
[Source "ChessBase"]
[SourceQuality "1"]
[TimeControl "40/6000+30:3000+30"]

1. e4 e5 2. Nf3 Nc6 3. Bc4 Bc5 4. c3 Nf6 5. d3 O-O 6. O-O a5 7. Re1 h6 8. h3 Ba7 9. Bb3 d6 10. d4 Re8 11. Bc2 exd4 12. cxd4 Nb4 13. Nc3 Nxc2 14. Qxc2 d5 15. e5 Nh7 16. Be3 Be6 17. Rac1 c6 18. Ne2 Qd7 19. Ng3 Rac8 20. Qd2 Bb6 21. Rc3 a4 22. Bxh6 gxh6 23. Qxh6 Qe7 24. Nh5 Qf8 25. Qf4 Bd8 26. Nf6+ Kh8 27. Ree3 Bxf6 28. exf6 Qg8 29. g4 Qg6 30. g5 Rg8 31. h4 Qxf6 32. Qg3 Qf5 33. Ne5 Nxg5 34. Nf3 0-1

[Event "4NCL 2021-22"]
[Site "England"]
[Date "2022.02.12"]
[Round "3.30"]
[White "Sowray, Peter J"]
[Black "Yao, Lan"]
[Result "1-0"]
[ECO "E49"]
[WhiteElo "2226"]
[BlackElo "2297"]
[Annotator "ChessBase"]
[PlyCount "91"]
[EventDate "2021.11.27"]
[EventType "team-tourn"]
[EventCountry "ENG"]
[SourceTitle "playchess.com"]
[Source "ChessBase"]
[SourceQuality "1"]
[TimeControl "40/6000+30:3000+30"]

1. d4 Nf6 2. c4 e6 3. Nc3 Bb4 4. a3 Bxc3+ 5. bxc3 d5 6. e3 O-O 7. cxd5 exd5 8. Bd3 c5 9. Ne2 b6 10. O-O Ba6 11. Bxa6 Nxa6 12. Qd3 Nb8 13. f3 Re8 14. Ng3 Nc6 15. Bb2 c4 16. Qe2 b5 17. e4 Qb6 18. Qf2 Ne7 19. Rae1 a5 20. e5 Nd7 21. f4 f5 22. exf6 Qxf6 23. f5 Ra6 24. Bc1 b4 25. cxb4 axb4 26. axb4 Rb8 27. Bf4 Rxb4 28. Qe3 Nc6 29. Qe8+ Nf8 30. Re6 Qf7 31. Bd6 Rba4 32. f6 Ra8 33. Qxf7+ Kxf7 34. fxg7+ Kxg7 35. Bxf8+ Rxf8 36. Rxf8 Kxf8 37. Rxc6 Ra2 38. Kf1 Rd2 39. Ne2 Ke7 40. Rh6 Rd3 41. Rxh7+ Kd6 42. Rh6+ Kd7 43. Ke1 Re3 44. Kd2 Rd3+ 45. Kc2 Ke7 46. Rh3 1-0

[Event "4NCL 2021-22"]
[Site "England"]
[Date "2022.02.12"]
[Round "3.31"]
[White "Royal, Shreyas"]
[Black "French, Max"]
[Result "1/2-1/2"]
[ECO "E01"]
[WhiteElo "2272"]
[BlackElo "2246"]
[Annotator "ChessBase"]
[PlyCount "82"]
[EventDate "2021.11.27"]
[EventType "team-tourn"]
[EventCountry "ENG"]
[SourceTitle "playchess.com"]
[Source "ChessBase"]
[SourceQuality "1"]
[TimeControl "40/6000+30:3000+30"]

1. d4 d5 2. c4 e6 3. Nf3 Nf6 4. g3 Bb4+ 5. Bd2 Bd6 6. Nc3 c6 7. Qc2 Nbd7 8. e4 dxe4 9. Nxe4 Nxe4 10. Qxe4 Nf6 11. Qc2 Qc7 12. O-O-O Bd7 13. Bg2 O-O 14. Rhe1 Rad8 15. Ne5 c5 16. Nxd7 Rxd7 17. d5 exd5 18. cxd5 Be5 19. f4 Bd4 20. Be3 Bxe3+ 21. Rxe3 b5 22. Qf5 c4 23. g4 Qc5 24. Re2 Rd6 25. g5 g6 26. Qe5 Re8 27. Qd4 Qxd4 28. Rxe8+ Nxe8 29. Rxd4 Nc7 30. a4 a6 31. Kc2 bxa4 32. Rxc4 Nxd5 33. Bxd5 Rxd5 34. Rxa4 a5 35. Kc3 h6 36. Rd4 Rc5+ 37. Rc4 Rf5 38. h4 hxg5 39. hxg5 Kf8 40. b4 axb4+ 41. Rxb4 Ke7 1/2-1/2

[Event "4NCL 2021-22"]
[Site "England"]
[Date "2022.02.12"]
[Round "3.32"]
[White "Ratnesan, Radha"]
[Black "Horton, Jamie A"]
[Result "1/2-1/2"]
[ECO "D59"]
[WhiteElo "1623"]
[BlackElo "2275"]
[Annotator "ChessBase"]
[PlyCount "81"]
[EventDate "2021.11.27"]
[EventType "team-tourn"]
[EventCountry "ENG"]
[SourceTitle "playchess.com"]
[Source "ChessBase"]
[SourceQuality "1"]
[TimeControl "40/6000+30:3000+30"]

1. d4 Nf6 2. c4 e6 3. Nf3 d5 4. Bg5 Be7 5. e3 O-O 6. Nc3 h6 7. Bh4 b6 8. cxd5 Nxd5 9. Bxe7 Qxe7 10. Nxd5 exd5 11. Bd3 Be6 12. O-O c5 13. a4 Nd7 14. Qd2 Rfc8 15. Rfc1 c4 16. Bc2 a6 17. e4 dxe4 18. Bxe4 Rab8 19. d5 Bg4 20. Re1 Qd6 21. h3 Bxf3 22. Bxf3 Rd8 23. Qd4 Rbc8 24. Rec1 Qc5 25. Qxc5 Rxc5 26. Rd1 Nf6 27. d6 Ne8 28. d7 Nf6 29. Bb7 Rxd7 30. Rxd7 Nxd7 31. Bxa6 Ne5 32. Rd1 c3 33. bxc3 Rxc3 34. Bb5 Rc7 35. Rd6 Rb7 36. f4 Ng6 37. Bd3 Nf8 38. Rd8 g6 39. Bb5 Kg7 40. Bc6 Rc7 41. Bb5 1/2-1/2

[Event "4NCL 2021-22"]
[Site "England"]
[Date "2022.02.12"]
[Round "3.34"]
[White "Dunn, Andrew"]
[Black "Han, Yichen"]
[Result "1/2-1/2"]
[ECO "D30"]
[WhiteElo "2153"]
[BlackElo "2347"]
[Annotator "ChessBase"]
[PlyCount "97"]
[EventDate "2021.11.27"]
[EventType "team-tourn"]
[EventCountry "ENG"]
[SourceTitle "playchess.com"]
[Source "ChessBase"]
[SourceQuality "1"]
[TimeControl "40/6000+30:3000+30"]

1. d4 d5 2. c4 e6 3. Nf3 a6 4. e3 Nf6 5. Be2 dxc4 6. Bxc4 b5 7. Bb3 Bb7 8. O-O Nbd7 9. Qe2 c5 10. Rd1 Qc7 11. a3 Be7 12. Nc3 O-O 13. Bd2 c4 14. Bc2 e5 15. dxe5 Nxe5 16. e4 Bd6 17. h3 Rfe8 18. Bg5 Nxf3+ 19. Qxf3 Be5 20. Bxf6 Bxf6 21. Qf5 Re5 22. Qd7 Qc6 23. Qxc6 Bxc6 24. f4 Ree8 25. e5 Be7 26. Be4 Rac8 27. Kf2 f6 28. Bd5+ Bxd5 29. Rxd5 fxe5 30. fxe5 Rf8+ 31. Ke2 Rce8 32. Ne4 Bf6 33. Nxf6+ gxf6 34. Rad1 fxe5 35. Rd6 Re7 36. Rxa6 Ref7 37. Ke3 Rf2 38. Rd2 Rxd2 39. Kxd2 Rf2+ 40. Kc1 Rf1+ 41. Kd2 Rf2+ 42. Kc1 e4 43. Re6 Re2 44. Re5 e3 45. Rxb5 Rxg2 46. Re5 e2 47. Kd2 e1=Q+ 48. Kxe1 Rxb2 49. Rc5 1/2-1/2

[Event "4NCL 2021-22"]
[Site "England"]
[Date "2022.02.12"]
[Round "3.37"]
[White "Ashton, Adam G"]
[Black "Dargan, Paul A G"]
[Result "1-0"]
[ECO "B01"]
[WhiteElo "2379"]
[BlackElo "2127"]
[Annotator "ChessBase"]
[PlyCount "85"]
[EventDate "2021.11.27"]
[EventType "team-tourn"]
[EventCountry "ENG"]
[SourceTitle "playchess.com"]
[Source "ChessBase"]
[SourceQuality "1"]
[TimeControl "40/6000+30:3000+30"]

1. e4 d5 2. exd5 Qxd5 3. Nf3 Bg4 4. Be2 Nc6 5. h3 Bxf3 6. Bxf3 Qe6+ 7. Qe2 Nd4 8. Qxe6 Nxf3+ 9. gxf3 fxe6 10. d4 g6 11. Nc3 Nh6 12. Bf4 Bg7 13. O-O-O O-O 14. Bxc7 Rxf3 15. Ne4 Nf5 16. Be5 Nd6 17. Nxd6 exd6 18. Bxd6 Rd8 19. Bg3 Rxd4 20. c3 Rd5 21. Rhe1 Kf7 22. Re4 Bh6+ 23. Kc2 Rxd1 24. Kxd1 Rd3+ 25. Kc2 Rd2+ 26. Kb3 Bg5 27. Rc4 Rd7 28. a4 h5 29. a5 Bd8 30. Ka4 g5 31. Bb8 b5+ 32. Kxb5 Rb7+ 33. Ka6 Rxb8 34. b4 Bf6 35. Kxa7 Rd8 36. b5 Rd7+ 37. Ka6 Rd3 38. b6 Bxc3 39. Rc7+ Kf6 40. b7 Bxa5 41. Kxa5 Rb3 42. Ka6 Rxh3 43. Rc5 1-0

[Event "4NCL 2021-22"]
[Site "England"]
[Date "2022.02.12"]
[Round "3.40"]
[White "Moreby, Kurt"]
[Black "Palliser, Richard J D"]
[Result "0-1"]
[ECO "E94"]
[WhiteElo "1673"]
[BlackElo "2413"]
[Annotator "ChessBase"]
[PlyCount "72"]
[EventDate "2021.11.27"]
[EventType "team-tourn"]
[EventCountry "ENG"]
[SourceTitle "playchess.com"]
[Source "ChessBase"]
[SourceQuality "1"]
[TimeControl "40/6000+30:3000+30"]

1. d4 Nf6 2. Nf3 g6 3. c4 Bg7 4. Nc3 O-O 5. e4 d6 6. Be2 Nbd7 7. O-O e5 8. dxe5 dxe5 9. b4 Nh5 10. Qc2 Nf4 11. Nd5 Ne6 12. Bb2 f5 13. exf5 gxf5 14. Ne3 e4 15. Bxg7 exf3 16. Bxf8 fxe2 17. Qxe2 Qxf8 18. Nd5 Nf6 19. Qe5 Ng4 20. Qg3 c6 21. f3 cxd5 22. fxg4 f4 23. Qc3 d4 24. Qd2 Qg7 25. h3 Bd7 26. Rae1 Rf8 27. Qd3 h5 28. gxh5 Rf6 29. g4 Ng5 30. h4 Bxg4 31. hxg5 Qxg5 32. Re8+ Kf7 33. Qh7+ Kxe8 34. Re1+ Be2+ 35. Kf2 Qg3+ 36. Kxe2 Re6+ 0-1

[Event "4NCL 2021-22"]
[Site "England"]
[Date "2022.02.12"]
[Round "3.45"]
[White "Duncan, Chris R"]
[Black "Ethelontis, Alexandros N"]
[Result "1-0"]
[ECO "C40"]
[WhiteElo "2252"]
[BlackElo "2131"]
[Annotator "ChessBase"]
[PlyCount "87"]
[EventDate "2021.11.27"]
[EventType "team-tourn"]
[EventCountry "ENG"]
[SourceTitle "playchess.com"]
[Source "ChessBase"]
[SourceQuality "1"]
[TimeControl "40/6000+30:3000+30"]

1. Nf3 f5 2. d3 Nc6 3. e4 e5 4. Nc3 Bb4 5. a3 Bxc3+ 6. bxc3 Nf6 7. exf5 d5 8. Rb1 O-O 9. Be2 Bxf5 10. Rxb7 Qd6 11. O-O h6 12. h3 Nd7 13. Rb1 Be6 14. Nh2 Nf6 15. Ng4 Nd7 16. Qd2 Rf7 17. a4 Nf6 18. Rb3 Qd7 19. Qd1 Rd8 20. Nxf6+ Rxf6 21. Bg4 Rdf8 22. Qe2 Rg6 23. f3 Rgf6 24. Rb7 Qd6 25. Rb3 Qd7 26. Ba3 R8f7 27. Ra1 g6 28. Re1 Bf5 29. Bc1 h5 30. Bxf5 Rxf5 31. h4 Nd8 32. Rb8 Kg7 33. Qe3 Nc6 34. Qh6+ Kf6 35. Bg5+ Ke6 36. Qxg6+ R5f6 37. Bxf6 Rxf6 38. Re8+ Ne7 39. Qxh5 Rf5 40. Qg6+ Rf6 41. Qg4+ Rf5 42. Rf8 Kd6 43. Rxf5 Nxf5 44. Qg6+ 1-0

[Event "4NCL 2021-22"]
[Site "England"]
[Date "2022.02.12"]
[Round "3.46"]
[White "Pollack, Oscar"]
[Black "Webb, Laurence E"]
[Result "1/2-1/2"]
[ECO "D05"]
[WhiteElo "2140"]
[BlackElo "2256"]
[Annotator "ChessBase"]
[PlyCount "204"]
[EventDate "2021.11.27"]
[EventType "team-tourn"]
[EventCountry "ENG"]
[SourceTitle "playchess.com"]
[Source "ChessBase"]
[SourceQuality "1"]
[TimeControl "40/6000+30:3000+30"]

1. d4 e6 2. Nf3 Nf6 3. e3 c5 4. b3 d5 5. Bb2 Nc6 6. Nbd2 Bd6 7. dxc5 Bxc5 8. Bd3 O-O 9. O-O Bd7 10. a3 Qe7 11. b4 Bb6 12. c4 Rad8 13. Qc2 h6 14. Rfd1 Bc8 15. cxd5 exd5 16. b5 Nb8 17. Nd4 Be6 18. N2b3 Rc8 19. Qe2 Nbd7 20. a4 Rfe8 21. Ba3 Qd8 22. Nxe6 Rxe6 23. a5 Bc7 24. Nd4 Re5 25. a6 bxa6 26. Nc6 Qe8 27. Nxe5 Qxe5 28. g3 axb5 29. Bb2 Qd6 30. Rxa7 Bb6 31. Raa1 b4 32. Bf5 Rd8 33. Qb5 Qc5 34. Qd3 Qd6 35. Rac1 Ne5 36. Bxe5 Qxe5 37. Rc6 Rb8 38. Rdc1 g5 39. Bh3 Kg7 40. Qf5 Qxf5 41. Bxf5 d4 42. exd4 Bxd4 43. Rc8 Rb6 44. R1c4 Bc3 45. R8c7 Ne8 46. R7c6 Rb7 47. Ra6 Nf6 48. Rac6 Rb8 49. Rc7 Ne8 50. Rd7 Nf6 51. Ra7 Be5 52. Ra5 Bd6 53. Ra6 Be5 54. Rcc6 Bd4 55. Rd6 Bc5 56. Rxf6 b3 57. Rfc6 Bd4 58. Rc7 b2 59. Rg6+ Kf8 60. Rxh6 b1=Q+ 61. Bxb1 Rxb1+ 62. Kg2 Rb2 63. Kh3 Kg7 64. Rhc6 Rxf2 65. Rc2 Rf1 66. Rd2 Be5 67. Rc5 f6 68. Kg4 Re1 69. Kh5 Kf7 70. Rc6 Ke7 71. Kg4 Ra1 72. Rd3 Ra2 73. h4 gxh4 74. gxh4 Rg2+ 75. Kh5 Rg8 76. Rb3 Kd7 77. Ra6 Rh8+ 78. Kg4 Kc7 79. Rh3 Kd7 80. h5 Rg8+ 81. Kf5 Rg5+ 82. Ke4 Rg4+ 83. Kd5 Rd4+ 84. Kc5 Ke7 85. h6 Rd8 86. h7 Rh8 87. Kd5 Kf7 88. Ra7+ Kg6 89. Rh1 Bf4 90. Ke6 Bg5 91. Re7 Bf4 92. Kd5 Bg5 93. Rc7 Rd8+ 94. Ke4 Re8+ 95. Kf3 Rh8 96. Rh2 Bh6 97. Kg4 Rxh7 98. Rxh7 Kxh7 99. Kf5 Kg7 100. Ra2 Bg5 101. Ra7+ Kf8 102. Ke6 Kg8 1/2-1/2

[Event "4NCL 2021-22"]
[Site "England"]
[Date "2022.02.12"]
[Round "3.47"]
[White "Ledger, Stephen C"]
[Black "Eden, Tomer"]
[Result "0-1"]
[ECO "D02"]
[WhiteElo "2171"]
[BlackElo "2135"]
[Annotator "ChessBase"]
[PlyCount "48"]
[EventDate "2021.11.27"]
[EventType "team-tourn"]
[EventCountry "ENG"]
[SourceTitle "playchess.com"]
[Source "ChessBase"]
[SourceQuality "1"]
[TimeControl "40/6000+30:3000+30"]

1. d4 e6 2. Nf3 d5 3. Bf4 Nf6 4. e3 c5 5. c3 Nc6 6. Nbd2 Nh5 7. Bg5 f6 8. Bh4 g6 9. g4 Ng7 10. Bd3 cxd4 11. exd4 Be7 12. Qe2 O-O 13. Bg3 e5 14. dxe5 Bxg4 15. h3 Bh5 16. Qe3 fxe5 17. Nxe5 Bg5 18. Qc5 Nxe5 19. Bxe5 Bxd2+ 20. Kxd2 Qg5+ 21. f4 Qg2+ 22. Ke3 Rxf4 23. Bxf4 Re8+ 24. Kd4 Ne6+ 0-1

[Event "4NCL 2021-22"]
[Site "England"]
[Date "2022.02.12"]
[Round "3.48"]
[White "Willmoth, Robert F"]
[Black "Varney, Zoe"]
[Result "0-1"]
[ECO "D11"]
[WhiteElo "2121"]
[BlackElo "2041"]
[Annotator "NA"]
[PlyCount "64"]
[EventDate "2021.11.27"]
[EventType "team-tourn"]
[EventCountry "ENG"]
[SourceTitle "playchess.com"]
[Source "ChessBase"]
[SourceQuality "1"]
[TimeControl "40/6000+30:3000+30"]

1. d4 d5 2. Nf3 Nf6 3. g3 c6 4. Bg2 Bf5 5. O-O h6 6. b3 Nbd7 7. Bb2 e6 8. c4 Bd6 9. Nc3 O-O 10. Nd2 e5 11. cxd5 exd4 12. Nce4 Nxe4 13. Nxe4 Bxe4 14. Bxe4 c5 15. Bg2 Qe7 16. Qd2 f5 17. e3 dxe3 18. Qxe3 Qxe3 19. fxe3 Rae8 20. Rae1 Be5 21. Ba3 Bc3 22. Re2 Re5 23. Rc1 Bd4 24. Kf2 f4 25. exd4 fxg3+ 26. Kxg3 Rxe2 27. dxc5 Re3+ 28. Kg4 Ne5+ 29. Kh4 Rf4+ 30. Kh5 Nd3 31. h4 Re5+ 32. Kg6 Rf6# 0-1

[Event "4NCL 2021-22"]
[Site "England"]
[Date "2022.02.12"]
[Round "3.50"]
[White "Wall, Gavin"]
[Black "Brewer, Callum D"]
[Result "1/2-1/2"]
[ECO "B12"]
[WhiteElo "2312"]
[BlackElo "2147"]
[Annotator "ChessBase"]
[PlyCount "53"]
[EventDate "2021.11.27"]
[EventType "team-tourn"]
[EventCountry "ENG"]
[SourceTitle "playchess.com"]
[Source "ChessBase"]
[SourceQuality "1"]
[TimeControl "40/6000+30:3000+30"]

1. e4 c6 2. d4 d5 3. f3 dxe4 4. fxe4 e5 5. Nf3 Bg4 6. Bc4 Nd7 7. O-O Ngf6 8. c3 Bd6 9. Qb3 O-O 10. Qxb7 Qe7 11. Qxc6 exd4 12. cxd4 Rac8 13. Qa6 Nxe4 14. Nbd2 Nb6 15. Bb3 Rxc1 16. Raxc1 Nxd2 17. Nxd2 Be2 18. Qa5 Qh4 19. Nf3 Bxf3 20. Rxf3 Bxh2+ 21. Kf1 Bg3 22. Rxg3 Qf4+ 23. Kg1 Qxc1+ 24. Kh2 Qh6+ 25. Kg1 Qc1+ 26. Kh2 Qh6+ 27. Kg1 1/2-1/2

[Event "4NCL 2021-22"]
[Site "England"]
[Date "2022.02.12"]
[Round "3.51"]
[White "Grant, David J"]
[Black "Thorarinsson, Pall A."]
[Result "0-1"]
[ECO "B43"]
[WhiteElo "2080"]
[BlackElo "2166"]
[Annotator "NA"]
[PlyCount "46"]
[EventDate "2021.11.27"]
[EventType "team-tourn"]
[EventCountry "ENG"]
[SourceTitle "playchess.com"]
[Source "ChessBase"]
[SourceQuality "1"]
[TimeControl "40/6000+30:3000+30"]

1. e4 c5 2. Nc3 e6 3. Nf3 a6 4. d4 cxd4 5. Nxd4 Qc7 6. Bd3 Nf6 7. O-O b5 8. Be3 Bb7 9. a3 b4 10. axb4 Bxb4 11. Ra4 Bxc3 12. bxc3 O-O 13. Rc4 Qd8 14. e5 Nd5 15. Qh5 f5 16. exf6 Nxf6 17. Qh3 e5 18. Nf5 d5 19. Qg3 Nh5 20. Qxe5 dxc4 21. Ne7+ Kh8 22. Qxh5 cxd3 23. Bg5 Qe8 0-1

[Event "4NCL 2021-22"]
[Site "England"]
[Date "2022.02.12"]
[Round "3.52"]
[White "Carroll, Peter"]
[Black "Payne, Matthew J"]
[Result "1/2-1/2"]
[ECO "E73"]
[WhiteElo "2122"]
[BlackElo "2158"]
[Annotator "NA"]
[PlyCount "70"]
[EventDate "2021.11.27"]
[EventType "team-tourn"]
[EventCountry "ENG"]
[SourceTitle "playchess.com"]
[Source "ChessBase"]
[SourceQuality "1"]
[TimeControl "40/6000+30:3000+30"]

1. d4 Nf6 2. c4 g6 3. Nc3 Bg7 4. e4 d6 5. Be2 O-O 6. Be3 e5 7. d5 a5 8. h4 Na6 9. g4 Nc5 10. Bf3 c6 11. g5 Nfd7 12. dxc6 bxc6 13. Qxd6 Qb6 14. Rd1 Re8 15. Nge2 Bf8 16. Qd2 Qb4 17. b3 a4 18. Nxa4 Nxa4 19. bxa4 Qxc4 20. Rc1 Qe6 21. Qc2 Bb4+ 22. Kf1 c5 23. Qb3 Qe7 24. a3 Ba5 25. Qd5 Ba6 26. Bg4 Nb6 27. Qxc5 Nxa4 28. Qxe7 Rxe7 29. Kg2 Rb8 30. Rb1 Rd8 31. Rhc1 Bd3 32. Rb3 Bxe4+ 33. f3 Rb7 34. Rxb7 Bxb7 35. Rc4 Nb6 1/2-1/2

[Event "4NCL 2021-22"]
[Site "England"]
[Date "2022.02.12"]
[Round "3.53"]
[White "Willson, Ollie"]
[Black "Venkatesan, Kavin"]
[Result "1/2-1/2"]
[ECO "D35"]
[WhiteElo "2108"]
[BlackElo "2074"]
[Annotator "ChessBase"]
[PlyCount "102"]
[EventDate "2021.11.27"]
[EventType "team-tourn"]
[EventCountry "ENG"]
[SourceTitle "playchess.com"]
[Source "ChessBase"]
[SourceQuality "1"]
[TimeControl "40/6000+30:3000+30"]

1. d4 Nf6 2. c4 e6 3. Nc3 Bb4 4. Qc2 d5 5. cxd5 exd5 6. Bg5 O-O 7. e3 c6 8. Bd3 h6 9. Bh4 Nbd7 10. Nge2 Re8 11. O-O Nf8 12. a3 Bd6 13. Bg3 Bg4 14. f3 Bh5 15. Bf2 Bg6 16. Rae1 Qc7 17. h3 Nh5 18. e4 Bh2+ 19. Kh1 Ng3+ 20. Kxh2 Nxe2+ 21. g3 Nxc3 22. bxc3 Nd7 23. c4 dxe4 24. fxe4 c5 25. e5 Bxd3 26. Qxd3 cxd4 27. e6 Rxe6 28. Rxe6 fxe6 29. Bxd4 Nf8 30. Qe4 Qxc4 31. Qe5 Qc2+ 32. Rf2 Qg6 33. Bxa7 Rc8 34. Qd6 Qe8 35. Bd4 Rd8 36. Qe5 Qd7 37. Bb6 Rc8 38. Re2 Qd5 39. Qxd5 exd5 40. Re7 Rc2+ 41. Kg1 Rc6 42. Rxb7 Ne6 43. a4 Nc5 44. Rb8+ Kh7 45. a5 Nd7 46. Rb7 Nxb6 47. axb6 Re6 48. Rb8 Kg6 49. Kf2 d4 50. b7 Re7 51. Rd8 Rxb7 1/2-1/2

[Event "4NCL 2021-22"]
[Site "England"]
[Date "2022.02.12"]
[Round "3.54"]
[White "Murray, David"]
[Black "Blake, J Morgan"]
[Result "1-0"]
[ECO "C54"]
[WhiteElo "2108"]
[BlackElo "2122"]
[Annotator "NA"]
[PlyCount "61"]
[EventDate "2021.11.27"]
[EventType "team-tourn"]
[EventCountry "ENG"]
[SourceTitle "playchess.com"]
[Source "ChessBase"]
[SourceQuality "1"]
[TimeControl "40/6000+30:3000+30"]

1. e4 e5 2. Nf3 Nc6 3. Bc4 Nf6 4. d3 Bc5 5. c3 d6 6. a4 a6 7. O-O O-O 8. Re1 Bb6 9. Be3 Bxe3 10. Rxe3 d5 11. exd5 Nxd5 12. Re1 Bg4 13. h3 Bh5 14. g4 Bg6 15. Nxe5 Nxe5 16. Rxe5 Nf4 17. Qf3 Qf6 18. d4 Rae8 19. Re3 h5 20. Nd2 Qg5 21. Rae1 hxg4 22. hxg4 Rxe3 23. Rxe3 b5 24. axb5 axb5 25. Bf1 f5 26. Re5 Bh5 27. Qg3 Qxg4 28. Qxg4 Bxg4 29. f3 Bh5 30. Bxb5 Ng6 31. Rc5 1-0

[Event "4NCL 2021-22"]
[Site "England"]
[Date "2022.02.12"]
[Round "3.55"]
[White "Miller, Dominic"]
[Black "Freeman, Gordon"]
[Result "1/2-1/2"]
[ECO "B81"]
[WhiteElo "2130"]
[BlackElo "2092"]
[Annotator "ChessBase"]
[PlyCount "126"]
[EventDate "2021.11.27"]
[EventType "team-tourn"]
[EventCountry "ENG"]
[SourceTitle "playchess.com"]
[Source "ChessBase"]
[SourceQuality "1"]
[TimeControl "40/6000+30:3000+30"]

1. e4 c5 2. Nf3 d6 3. d4 cxd4 4. Nxd4 Nf6 5. Nc3 e6 6. g4 h6 7. Rg1 Nc6 8. h4 d5 9. exd5 Nxd5 10. Nxd5 Qxd5 11. Bg2 Qe5+ 12. Be3 Bd7 13. Nxc6 Bxc6 14. Bxc6+ bxc6 15. Qd4 Qxd4 16. Bxd4 Rg8 17. h5 Be7 18. Rd1 O-O-O 19. Ke2 a6 20. c4 g6 21. hxg6 Rxg6 22. f3 f5 23. gxf5 Rxg1 24. Bxg1 Rxd1 25. Kxd1 exf5 26. Bh2 Kd7 27. Ke2 h5 28. Kf2 Ke6 29. Kg2 Bf6 30. b4 Bc3 31. Kh3 Be1 32. Bg3 Bxb4 33. Kh4 Bd2 34. Kxh5 f4 35. Bh2 Kf5 36. Kh6 Be3 37. Kh5 Bf2 38. Kh6 Bd4 39. Kh5 Bf2 40. Kh6 c5 41. Kh5 a5 42. Kh6 a4 43. Kh5 a3 44. Kh6 Be3 45. Kh5 Ke5 46. Kg4 Kd4 47. Bxf4 Bxf4 48. Kxf4 Kxc4 49. Ke4 Kc3 50. f4 c4 51. f5 Kb2 52. f6 c3 53. f7 c2 54. f8=Q c1=Q 55. Qf2+ Ka1 56. Kd3 Qb1+ 57. Qc2 Qb5+ 58. Kd2 Qb2 59. Kd3 Kxa2 60. Kd2 Ka1 61. Kd3 Qb5+ 62. Kd2 Qb4+ 63. Kd3 Qd6+ 1/2-1/2